 Dungeon Crawl Stone Soup version 0.29.1-12-g30fa7ad0bf (webtiles) character file.

Game seed: 14890018756918136739

220 nightchill the Chopper (level 5, 0/48 HPs)
             Began as a Minotaur Fighter on Jan 11, 2023.
             Slain by a killer bee (4 damage)
             ... on level 4 of the Dungeon.
             The game lasted 00:03:58 (3056 turns).

nightchill the Chopper (Minotaur Fighter)           Turns: 3056, Time: 00:03:59

Health: 0/48       AC: 10    Str: 22    XL:     5   Next: 64%
Magic:  13/13      EV:  7    Int:  5    God:
Gold:   129        SH:  4    Dex: 10    Spells: 4/4 levels left

rFire   . . .      SeeInvis .   a - +0 war axe
rCold   . . .      Faith    .   c - +0 buckler
rNeg    . . .      Spirit   .   k - +0 chain mail
rPois   .          Reflect  .   (helmet restricted)
rElec   .          Harm     .   (no cloak)
rCorr   .          Rampage  .   n - +0 pair of gloves
Will    .....                   (no boots)
Stlth   ..........              (no amulet)
HPRegen 0.16/turn               o - ring of magical power
MPRegen 0.13/turn               (no ring)

@: lethally poisoned (0 -> -6)
A: horns 2, retaliatory headbutt
a: no special abilities


You were on level 4 of the Dungeon.
You visited 1 branch of the dungeon, and saw 4 of its levels.

You collected 129 gold pieces.

Inventory:

Hand Weapons
 a - a +0 war axe (weapon)
Armour
 c - a +0 buckler (worn)
 k - a +0 chain mail (worn)
 n - a +0 pair of gloves (worn)
Jewellery
 o - a ring of magical power (left hand)
Scrolls
 e - 5 scrolls of identify {unknown}
 f - a scroll of blinking {unknown}
 g - a scroll of fog {unknown}
 h - a scroll of amnesia {unknown}
 j - a scroll of fear {unknown}
 q - a scroll of teleportation {unknown}
Potions
 b - a potion of mutation {unknown}
 d - a potion of might
 i - a potion of heal wounds {unknown}
 l - a potion of degeneration {unknown}
 m - a potion of berserk rage {unknown}
 p - a potion of curing
 r - a potion of attraction {unknown}
 s - a potion of invisibility {unknown}
 t - a potion of magic {unknown}


   Skills:
 + Level 5.3 Fighting
 * Level 6.1 Axes
 - Level 3.6 Armour
 - Level 3.6 Shields


You had 4 spell levels left.
You didn't know any spells.
Your spell library contained the following spells:

 Spells                   Type           Power      Damage    Failure   Level
 Shock                    Conj/Air       0%         1d3       99%         1
 Blink                    Tloc           0%         N/A       100%        2
 Lesser Beckoning         Tloc           0%         N/A       100%        3
 Swiftness                Air            0%         N/A       100%        3
 Airstrike                Air            0%         2d(0-16)  100%        4
 Manifold Assault         Tloc           0%         N/A       100%        5


Dungeon Overview and Level Annotations

Branches:
Dungeon (4/15)
 Temple: D:4-7

Altars:
Gozag
Wu Jian
Zin


Innate Abilities, Weirdness & Mutations

You have a pair of horns on your head.
You reflexively headbutt those who attack you in melee.


Message History

The killer bee stings you but does no damage. x2
The killer bee barely misses you.
The killer bee stings you but does no damage.
You barely miss the killer bee.
The killer bee is heavily wounded.
You closely miss the killer bee.
You feel sick. The killer bee stings you.
* * * LOW HITPOINT WARNING * * *
The killer bee stings you.
* * * LOW HITPOINT WARNING * * *
You are more poisoned.
The killer bee poisons you!
The killer bee stings you but does no damage. x3
The killer bee stings you!
* * * LOW HITPOINT WARNING * * *
You are lethally poisoned!
The killer bee poisons you!
You hit the killer bee but do no damage.
The killer bee is heavily wounded.
You barely miss the killer bee.
* * * LOW HITPOINT WARNING * * *
You feel very sick.
The killer bee stings you but does no damage.
The killer bee closely misses you. The killer bee stings you.
* * * LOW HITPOINT WARNING * * *
The killer bee stings you but does no damage.
It was a potion of curing.
You feel better. The killer bee stings you.
* * * LOW HITPOINT WARNING * * *
You are poisoned.
The killer bee poisons you! The killer bee stings you.
* * * LOW HITPOINT WARNING * * *
The killer bee stings you but does no damage.
The killer bee stings you.
* * * LOW HITPOINT WARNING * * *
You slash the killer bee!
The killer bee is heavily wounded.
You miss the killer bee.
* * * LOW HITPOINT WARNING * * *
You feel very sick. The killer bee stings you.
You die...

#.#..........
............ ..
#.#.....##.##.#
.......##.##.#
#.##.#...<.##.#
#......#..##.###.#
#.##.#..#.........#
# #..##..#y##..#..
.......#@y....(..
###....###........
...###.#.#.#.###.
### ..# .# # #..#
.# #. # .# #. .. #
.. ##


You could see 2 killer bees.

Vanquished Creatures
  A killer bee (D:4)
  An orc priest (D:3)
  An orc wizard (D:3)
  5 adders
  A dart slug (D:1)
  4 orcs (D:3)
  11 ball pythons
  4 bats
  5 endoplasms (D:1)
  2 giant cockroaches
  3 goblins
  8 hobgoblins
  7 jackals (D:1)
  7 kobolds
  4 quokkas
  5 frilled lizards
  2 rats
71 creatures vanquished.

Vanquished Creatures (others)
  A fungus (D:2)
  A plant (D:2)
2 creatures vanquished.

Grand Total: 73 creatures vanquished

Notes
Turn   | Place    | Note
-------+----------+-------------------------------------------
     0 | D:1      | nightchill the Minotaur Fighter began the quest for the
                  | Orb.
     0 | D:1      | Reached XP level 1. HP: 19/19 MP: 0/0
   153 | D:1      | Reached skill level 3 in Axes
   190 | D:1      | Reached XP level 2. HP: 27/27 MP: 1/1
   508 | D:1      | Reached XP level 3. HP: 33/33 MP: 2/2
   555 | D:1      | Reached skill level 4 in Axes
   599 | D:1      | Found a faded altar of an unknown god.
  1320 | D:2      | Reached XP level 4. HP: 26/41 MP: 3/3
  2074 | D:3      | Reached skill level 5 in Axes
  2082 | D:3      | Reached skill level 5 in Fighting
  2082 | D:3      | Reached XP level 5. HP: 3/48 MP: 4/4
  2449 | D:3      | Found an opulent altar of Gozag.
  2450 | D:3      | Found a glowing silver altar of Zin.
  2451 | D:3      | Found an ornate altar of the Wu Jian Council.
  3052 | D:4      | Reached skill level 6 in Axes
  3056 | D:4      | Slain by a killer bee

Illustrated notes

Levels and vault maps discovered:
D:1:      dpeg_arrival_circle_labyrinth_a, layout_rooms, basic_ecumenical_altar
D:2:      layout_loops_ring, serial_forest, infiniplex_forest_clump_tiny,
          infiniplex_forest_zigzag_1, infiniplex_forest_straight_2,
          infiniplex_forest_lined_2, infiniplex_forest_clump_curved,
          minmay_shallow_snake_nest
D:3:      layout_loops_ring, chequers_temple_overflow_statue_of_worship
D:4:      layout_loops_ring, serial_shops, shop, nicolae_take_the_stairs,
          nicolae_shop_behind_doors, nicolae_shop_window_shopping, shop_coins,
          gammafunk_ghost_arena

Skill      XL: |  1  2  3  4  5 |
---------------+----------------+-----
Axes           | 3 4 5 6 |  6.1
Fighting       | 4 5 |  5.3
Armour         | |  3.6
Shields        | |  3.6

Action                   |  1- 3 |  4- 6 || total
-------------------------+-------+-------++-------
Melee: War axe           |    86 |    65 ||   151
       Headbutt          |     9 |     6 ||    15
  Use: Potion            |       |     1 ||     1
Armor: Scale mail        |    34 |       ||    34
       Chain mail        |    10 |    40 ||    50
Dodge: Dodged            |    41 |    29 ||    70
Block: Buckler           |    21 |    14 ||    35
